Map: Orbital Shipyard

Players

Womec - Winner!

  • Race: Terran Terran
  • League: Platinum

IIIIIIIIIIII

  • Race: Protoss Protoss
  • League: Grandmaster

VOD

Have the link to the VOD?

Description

Mines and tanks to zone stuff out yo.

Time

  • Played on: Oct. 30, 2015, 10:56 p.m.
  • Length: 15:04
Show
View Real Time Build Order
Export as new Build Order

Womec Terran - Winner!

Build Orders: Command Center First (CC), Mech 

Get SALT Encoding   

  12  0:00  SCV  
  13  0:13  SCV  
  14  0:21  Supply Depot  
  14  0:25  SCV  
  15  0:42  SCV  
  16  0:54  SCV  
  17  1:01  Command Center  
  17  1:07  Refinery  
  17  1:09  SCV  
  18  1:21  Barracks  
  18  1:24  SCV  
  19  1:34  Refinery  
  19  1:37  SCV  
  20  1:49  SCV  
  22  2:08  Marine  
  22  2:11  Bunker  
  22  2:14  Factory  
  22  2:19  Orbital Command  
  22  2:30  Orbital Command  
  22  2:34  Barracks Reactor  
  22  2:43  Supply Depot  
  22  2:47  SCV  
  23  2:56  SCV  
  23  2:58  Widow Mine  
  26  2:59  SCV  
  27  3:08  SCV  
  27  3:11  SCV  
  28  3:13  Marine  
  28  3:14  Factory, Marine  
  30  3:20  SCV  
  30  3:24  SCV  
  32  3:28  Factory Reactor  
  32  3:31  Marine  
  32  3:32  Marine  
  32  3:33  SCV  
  35  3:36  Engineering Bay  
  35  3:37  SCV  
  36  3:45  SCV, Armory  
  37  3:49  SCV  
  38  3:55  Supply Depot  
  38  3:56  Marine x2  
  38  3:57  SCV  
  38  3:58  Factory Tech Lab  
  38  4:02  SCV  
  42  4:06  Missile Turret  
  42  4:09  SCV  
  43  4:14  SCV  
  43  4:15  Factory  
  44  4:19  Siege Tank  
  44  4:20  Widow Mine  
  44  4:22  Widow Mine  
  51  4:25  SCV  
  51  4:29  Marine x2  
  54  4:34  Terran Vehicle Weapons Level 1  
  54  4:40  Supply Depot  
  54  4:41  Supply Depot  
  54  4:50  Infernal Pre-Igniter  
  54  5:01  SCV x2  
  53  5:16  Widow Mine x4  
  53  5:19  SCV x2  
  63  5:22  Refinery  
  63  5:23  Refinery  
  63  5:25  Missile Turret  
  63  5:31  Command Center  
  63  5:35  Siege Tank  
  63  5:36  SCV  
  63  5:37  SCV  
  63  5:41  Supply Depot  
  68  5:46  Supply Depot  
  68  5:48  SCV  
  69  6:03  Hellbat x4  
  69  6:04  Supply Depot  
  77  6:05  Supply Depot  
  77  6:08  Supply Depot, Siege Tank  
  80  6:12  SCV  
  80  6:13  SCV  
  80  6:16  Supply Depot  
  80  6:17  Supply Depot  
  82  6:20  Barracks Tech Lab  
  82  6:24  Drilling Claws  
  82  6:25  Hellbat x2  
  86  6:26  Hellbat  
  88  6:45  Cyclone  
  88  6:46  Hellbat x2  
  93  7:07  Widow Mine  
  93  7:08  Widow Mine x3  
  95  7:12  Terran Vehicle And Ship Armor Level 1  
  95  7:15  Supply Depot  
  101  7:16  Supply Depot, Refinery, Missile Turret, SCV x2  
  101  7:17  Siege Tank  
  101  7:20  Refinery, Missile Turret  
  106  7:25  Orbital Command  
  106  7:28  SCV  
  106  7:29  SCV  
  108  7:40  SCV  
  108  7:41  SCV  
  110  7:47  Factory  
  110  7:49  Factory  
  110  7:51  Widow Mine  
  110  7:53  SCV, Factory  
  113  8:05  Widow Mine x3  
  119  8:14  Missile Turret x2  
  119  8:16  Missile Turret  
  119  8:19  SCV x2  
  120  8:26  SCV  
  121  8:27  Widow Mine  
  121  8:28  Missile Turret  
  121  8:29  Missile Turret  
  121  8:31  SCV x2, Missile Turret  
  86  8:58  Widow Mine  
  86  8:59  Widow Mine  
  86  9:00  Hellbat, Widow Mine x2  
  86  9:01  Hellbat x2  
  100  9:10  Thor  
  104  9:21  Widow Mine  
  104  9:22  Hellbat x2  
  110  9:24  Supply Depot  
  110  9:26  Widow Mine  
  110  9:28  Widow Mine x2  
  110  9:29  Widow Mine  
  116  9:41  Terran Vehicle And Ship Armor Level 2  
  116  9:43  Hellbat, Widow Mine  
  118  9:46  SCV  
  118  9:47  Supply Depot  
  118  9:49  Supply Depot  
  118  9:50  Widow Mine  
  111  9:53  Siege Tank  
  111  9:55  Widow Mine  
  111  9:57  Widow Mine  
  111  9:58  Hellbat  
  110  10:01  Widow Mine  
  110  10:04  Widow Mine  
  112  10:11  Widow Mine  
  114  10:18  Widow Mine x2  
  118  10:25  Siege Tank  
  121  10:30  Command Center  
  119  10:43  Command Center  
  119  10:47  Missile Turret  
  119  10:49  Widow Mine x2  
  121  10:50  Widow Mine x5  
  133  10:57  Siege Tank  
  134  11:17  Widow Mine  
  134  11:18  Widow Mine x2  
  130  11:20  Widow Mine x2  
  130  11:21  Widow Mine x2  
  142  11:25  Factory  
  142  11:27  Factory  
  142  11:29  Siege Tank  
  145  11:46  Widow Mine x2  
  145  11:47  Widow Mine  
  147  11:48  Widow Mine  
  147  11:49  Widow Mine x2  
  146  12:00  Refinery, Widow Mine  
  148  12:01  Siege Tank  
  148  12:02  Refinery  
  149  12:14  Widow Mine  
  149  12:15  Widow Mine x2  
  149  12:17  Widow Mine x2  
  149  12:22  Factory Tech Lab x2  
  157  12:23  Factory Tech Lab  
  157  12:33  Siege Tank  
  157  12:35  Planetary Fortress  
  160  12:48  Siege Tank, Widow Mine x6  
  173  13:05  Siege Tank  
  176  13:16  Widow Mine  
  176  13:17  Widow Mine x2  
  176  13:18  Siege Tank  
  185  13:20  Siege Tank  
  188  13:37  Refinery x2  
  188  13:38  Siege Tank, Missile Turret  
  156  13:48  Widow Mine x4  
  156  13:49  Widow Mine x4  
  156  13:52  Widow Mine  
  155  14:10  Siege Tank  
  157  14:17  Widow Mine x6  
  157  14:18  Siege Tank x2  
  157  14:20  Widow Mine  
Show
View Real Time Build Order
Export as new Build Order

IIIIIIIIIIII Protoss 

Build Orders: 1 Gate Expand, Phoenix Opening 

Get SALT Encoding   

  12  0:02  Probe (Chrono Boost)  
  13  0:12  Probe (Chrono Boost)  
  14  0:22  Pylon  
  14  0:23  Probe (Chrono Boost)  
  14  0:28  Assimilator  
  15  0:41  Gateway  
  15  0:44  Probe (Chrono Boost)  
  16  0:54  Probe (Chrono Boost)  
  17  1:05  Probe (Chrono Boost)  
  18  1:19  Nexus  
  18  1:29  Cybernetics Core  
  18  1:34  Assimilator  
  18  1:35  Probe (Chrono Boost)  
  19  1:45  Probe (Chrono Boost)  
  20  1:51  Pylon  
  20  1:56  Probe (Chrono Boost)  
  21  2:05  Adept (Chrono Boost), Warp Gate  
  23  2:09  Probe  
  24  2:22  Probe  
  25  2:29  Probe, Adept (Chrono Boost)  
  27  2:34  Probe  
  29  2:38  Stargate  
  29  2:39  Probe  
  29  2:43  Pylon  
  30  2:46  Probe  
  30  2:50  Probe  
  31  2:53  Adept (Chrono Boost)  
  31  2:58  Probe  
  35  3:00  Probe  
  36  3:10  Probe  
  36  3:11  Probe  
  38  3:17  Adept (Chrono Boost)  
  40  3:20  Pylon  
  40  3:21  Probe  
  40  3:22  Probe  
  40  3:24  Phoenix (Chrono Boost)  
  44  3:32  Probe  
  45  3:34  Probe  
  45  3:41  Forge  
  46  3:42  Probe  
  46  3:46  Probe  
  50  3:48  Phoenix (Chrono Boost)  
  50  3:53  Probe, Assimilator  
  51  3:58  Probe  
  51  3:59  Assimilator  
  52  4:07  Pylon  
  52  4:10  Phoenix (Chrono Boost)  
  52  4:13  Probe  
  52  4:14  Probe  
  52  4:16  Twilight Council  
  56  4:25  Probe  
  56  4:26  Probe  
  58  4:32  Phoenix (Chrono Boost)  
  60  4:50  Mothership Core  
  60  4:51  Nexus  
  60  4:52  Pylon  
  62  4:53  Phoenix (Chrono Boost)  
  62  4:54  Pylon  
  62  4:59  Pylon  
  64  5:04  Probe  
  65  5:12  Probe  
  66  5:15  Probe  
  66  5:18  Charge (Chrono Boost)  
  67  5:24  Probe  
  67  5:25  Probe  
  69  5:29  Gateway x2  
  69  5:31  Gateway  
  69  5:32  Phoenix  
  71  5:36  Probe  
  71  5:37  Stargate  
  72  5:43  Protoss Ground Weapons Level 1  
  72  6:00  Robotics Facility  
  72  6:02  Probe  
  72  6:03  Probe  
  74  6:06  Void Ray (Chrono Boost)  
  78  6:12  Probe  
  78  6:15  Probe  
  80  6:23  Probe, Pylon  
  81  6:26  Photon Cannon  
  81  6:29  Void Ray (Chrono Boost)  
  85  6:34  Assimilator  
  85  6:35  Probe  
  85  6:36  Probe x2  
  85  6:38  Assimilator  
  85  6:39  Pylon  
  88  6:41  Pylon  
  88  6:48  Probe  
  88  6:53  Probe  
  89  6:54  Probe  
  91  7:02  Observer  
  91  7:05  Zealot x4  
  104  7:16  Void Ray x2 (Chrono Boost)  
  104  7:18  Protoss Air Weapons Level 1  
  108  7:22  Gateway  
  108  7:23  Gateway, Observer  
  108  7:25  Gateway  
  108  7:27  Gateway  
  109  7:37  Protoss Ground Weapons Level 2  
  109  7:41  Blink  
  109  7:44  Observer, Pylon  
  110  7:56  Void Ray (Chrono Boost)  
  118  7:58  Void Ray (Chrono Boost)  
  118  8:03  Zealot x4  
  126  8:06  Observer  
  127  8:14  Nexus  
  127  8:27  Zealot x5  
  127  8:28  Zealot  
  127  8:43  Zealot x2  
  105  8:50  Zealot x6  
  109  8:59  Observer  
  110  9:09  Pylon  
  110  9:10  Pylon  
  110  9:11  Void Ray x2 (Chrono Boost)  
  110  9:12  Pylon  
  118  9:20  Observer  
  118  9:23  Stalker x4  
  119  9:30  Zealot x2  
  119  9:34  Probe  
  116  9:38  Probe  
  116  9:40  Probe  
  118  9:46  Probe  
  99  9:55  Zealot x4  
  99  9:56  Zealot x4  
  97  10:05  Photon Cannon  
  93  10:08  Probe  
  93  10:09  Probe x2  
  96  10:18  Templar Archives, Probe  
  96  10:21  Probe x2  
  97  10:25  Zealot x4  
  106  10:29  Probe  
  106  10:33  Probe x2  
  109  10:38  Void Ray (Chrono Boost)  
  109  10:39  Probe  
  108  10:56  Stalker x3  
  114  10:57  Stalker x2  
  118  11:07  High Templar x3  
  120  11:20  High Templar  
  120  11:21  Zealot x3  
  120  11:22  Zealot  
  120  11:24  Archon  
  120  11:25  Archon  
  121  11:42  Void Ray x2 (Chrono Boost)  
  121  11:57  High Templar x3  
  121  11:58  High Templar x4  
  121  11:59  High Templar  
  137  12:03  Archon  
  137  12:04  Archon x3  
  135  12:29  Fleet Beacon  
  135  12:33  Zealot x3  
  141  12:37  Pylon  
  141  12:39  Pylon  
  140  13:08  Stalker x3  
  140  13:09  Stalker x4, Nexus  
  140  13:10  Stalker  
  87  13:48  Zealot x2  
  87  13:49  Zealot x5  
  87  13:50  Zealot  
  58  14:10  Zealot x3  
  58  14:11  Zealot x5  
  67  14:33  Pylon  
  67  14:39  High Templar x5  
  67  14:43  Archon x2  
Tags
 
Add a new tag
Caveats
  • Supply blocks, unpowered buildings, or Contaminate may cause inaccurate times.
  • Supply counts are checked every 10 seconds.